 Dungeon Crawl Stone Soup version 0.29.1-14-g9c671dbff4 (webtiles) character file.

Game seed: 11900499654584270043

877 TaterTotHotdish the Ruffian (level 7, -7/68 HPs)
             Began as a Troll Berserker on Feb 21, 2023.
             Was a Believer of Trog.
             Mangled by Sigmund
             ... wielding a +2 vorpal scythe
              (8 damage)
             ... on level 6 of the Dungeon.
             The game lasted 00:16:19 (2040 turns).

TaterTotHotdish the Ruffian (Troll Berserker)       Turns: 2040, Time: 00:16:20

Health: -7/68      AC:  7    Str: 28    XL:     7   Next: 75%
Magic:  6/6        EV: 10    Int:  3    God:    Trog [**....]
Gold:   191        SH:  0    Dex:  9    Spells: 6/6 levels left

rFire   + . .      SeeInvis .   x - +0 giant spiked club
rCold   . . .      Faith    .   (shield currently unavailable)
rNeg    + . .      Spirit   .   a - +0 animal skin
rPois   .          Reflect  .   (helmet restricted)
rElec   .          Harm     .   e - +2 cloak
rCorr   .          Rampage  .   (gloves unavailable)
Will    .....                   (boots unavailable)
Stlth   +.........              (no amulet)
HPRegen 1.01/turn               g - ring of positive energy
MPRegen 0.10/turn               n - ring of protection from fire

@: no status effects
A: large, unfitting armour, claws 3, regeneration 1, shaggy fur 1, tough skin 1
a: Renounce Religion, Berserk, Trog's Hand


You were on level 6 of the Dungeon.
You worshipped Trog.
Trog was pleased with you.
You visited 1 branch of the dungeon, and saw 6 of its levels.
You also visited: Ossuary.

You collected 191 gold pieces.

Inventory:

Hand Weapons
 d - a +0 morningstar
 r - a +3 quarterstaff of chaos
 x - a +0 giant spiked club (weapon)
Missiles
 v - a throwing net (quivered)
Armour
 a - a +0 animal skin (worn)
 e - a +2 cloak (worn)
Jewellery
 g - a ring of positive energy (left claw)
 n - a ring of protection from fire (right claw)
 s - a +6 ring of dexterity
Scrolls
 b - a scroll of fear {unknown}
 c - a scroll of amnesia {unknown}
 f - 4 scrolls of identify {unknown}
 h - 2 scrolls of immolation {unknown}
 i - a scroll of enchant armour {unknown}
 k - a scroll of enchant weapon {unknown}
 m - a scroll of vulnerability {unknown}
 q - a scroll of torment {unknown}
 t - 3 scrolls of butterflies {unknown}
 w - a scroll of poison {unknown}
Potions
 j - a potion of berserk rage {unknown}
 l - 2 potions of brilliance {unknown}
 o - a potion of lignification {unknown}
 p - a potion of heal wounds {unknown}
 u - a potion of curing {unknown}


   Skills:
 + Level 3.9 Fighting
 + Level 1.1 Staves
 + Level 4.3 Dodging
 + Level 0.5 Stealth
 + Level 6.9 Unarmed Combat


You had 6 spell levels left.
You didn't know any spells.
Your spell library was empty.

Dungeon Overview and Level Annotations

Branches:
Dungeon (6/15)             Temple (0/1) D:6         Ossuary (visited)

Altars:
Trog

Shops:
D:4 [

Annotations:
D:6 Blork the orc, Sigmund


Innate Abilities, Weirdness & Mutations

You are too large for most types of armour.
You have claws for hands.
Your natural rate of healing is unusually fast.
You are covered in fur. (AC +1)
You have tough skin. (AC +1)


Message History

t - 3 scrolls labelled MABU OFY EGITEBRE (gained 1)
Found a ring mail.
Sigmund the Dreaded comes into view.
He is wielding a +2 vorpal scythe.
Found a staircase to the Ecumenical Temple.
Sigmund shouts!
Blork the orc comes into view.
He is wielding a +0 long sword.
Blork the orc shouts!
Sigmund casts a spell at you. The magic dart hits you.
Sigmund says, "I'm your fate." Sigmund hits you but does no damage.
You closely miss Sigmund.
Sigmund casts a spell.
Sigmund flickers and vanishes!
Deactivating autopickup; reactivate with Ctrl-A.
Something hits you!
Blork the orc points at you and mumbles some strange words.
The magic dart hits you. Something hits you.
You barely miss Blork the orc.
Blork the orc screams, "I'll break your legs!"
Blork the orc hits you with a +0 long sword.
Something hits you!
Blork the orc hits you with a +0 long sword.
You closely miss Blork the orc.
Blork the orc screams, "I'll eat your brain!
And then I'll vomit it back up!"
Blork the orc barely misses you. Something hits you.
Blork the orc hits you with a +0 long sword.
You barely miss Blork the orc. Something hits you!
Blork the orc completely misses you.
You closely miss Blork the orc.
Blork the orc gestures at you while chanting.
The puff of frost hits you!
* * * LOW HITPOINT WARNING * * *
Something hits you!
* * * LOW HITPOINT WARNING * * *
x2 Blork the orc hits you with a +0 long sword.
* * * LOW HITPOINT WARNING * * *
Something hits you!
You die...

.# #.#...##.## ##.##.. #
#...#..[...####...#### #
#.....##.#......#.#
#######...#.##.##....#..#
...............#..####.##
#####............## ..#
..............#...##...#
.............###.....#..
.......#.##..# #@>..#.[.
.......>.....##.{o.## ..
.#######......##...# .#
###. ..##..# )##### #.#
.....# .. ####.# #.. .#
#)# ..# .# #.# ##


You could see Blork the orc.

Vanquished Creatures
  A steam dragon (D:6)
  An ogre (D:6)
  A centaur (D:5)
  A bullfrog (D:5)
  A necrophage (D:5)
  2 scorpions
  4 hounds
  Crazy Yiuf (D:5)
  A gnoll bouda (D:4)
  An orc wizard (D:6)
  3 mummies
  3 gnolls (D:4)
  4 adders
  3 worms
  2 dart slugs
  4 orcs
  2 endoplasms
  4 goblins
  2 hobgoblins
  4 ball pythons
  A bat (D:3)
  2 kobolds
  2 rats
  A bush (D:5)
51 creatures vanquished.

Vanquished Creatures (others)
  2 orcs (D:6)
  4 fungi (D:5)
6 creatures vanquished.

Grand Total: 57 creatures vanquished

Notes
Turn   | Place    | Note
-------+----------+-------------------------------------------
     0 | D:1      | TaterTotHotdish the Troll Berserker began the quest for the
                  | Orb.
     0 | D:1      | Reached XP level 1. HP: 22/22 MP: 0/0
   307 | D:2      | Reached XP level 2. HP: 29/29 MP: 1/1
   609 | D:4      | Reached XP level 3. HP: 30/37 MP: 2/2
   684 | D:4      | Noticed a scorpion
   700 | D:4      | Killed a scorpion
   701 | D:4      | Reached skill level 4 in Unarmed Combat
   701 | D:4      | Reached XP level 4. HP: 45/45 MP: 3/3
   838 | D:4      | Found Maffot's Armour Shop.
  1046 | D:4      | Found a sand-covered staircase.
  1061 | D:4      | Reached XP level 5. HP: 47/53 MP: 4/4
  1093 | Ossuary  | Entered an ossuary
  1108 | Ossuary  | Reached skill level 5 in Unarmed Combat
  1111 | D:4      | Reached ** piety under Trog
  1181 | D:5      | Entered Level 5 of the Dungeon
  1328 | D:5      | Reached XP level 6. HP: 54/61 MP: 5/5
  1355 | D:5      | Reached skill level 6 in Unarmed Combat
  1355 | D:5      | Reached XP level 7. HP: 33/67 MP: 6/6
  1533 | D:5      | Found a runed translucent door.
  1534 | D:5      | Noticed Crazy Yiuf
  1540 | D:5      | Killed Crazy Yiuf
  1587 | D:5      | Found a bloodstained altar of Trog.
  1906 | D:6      | Noticed a steam dragon
  1924 | D:6      | Killed a steam dragon
  1925 | D:6      | Reached skill level 1 in Staves
  2029 | D:6      | Found a staircase to the Ecumenical Temple.
  2029 | D:6      | Noticed Sigmund
  2032 | D:6      | Noticed Blork the orc
  2040 | D:6      | HP: 1/68 [Blork the orc/+0 long sword (4)]
  2040 | D:6      | Mangled by Sigmund

Illustrated notes

Levels and vault maps discovered:
D:1:      roderic_octagonal_star, layout_basic, serial_shops, shop
D:2:      layout_basic, hellmonk_ecumenical_altar_heavens_door, st_stairs_14
D:3:      layout_basic, grunt_decor_fettered, kennysheep_flooded_box
D:4:      nicolae_cairo_tiling_large_dashed, layout_rooms, serial_shops,
          nicolae_shop_trees, enter_ossuary_1
D:5:      layout_cave_pools, nemelex_diamond_rough_becter,
          trog_three_pillars_becter, minmay_pentangle, uniq_crazy_yiuf_cottage
D:6:      layout_loops_cross, minmay_temple_entry_wispy, serial_rivers,
          chequers_serial_rivers_large_a, chequers_serial_rivers_small_a,
          chequers_serial_rivers_room_b, chequers_serial_rivers_micro_a,
          chequers_serial_rivers_micro_b, uniq_prince_ribbit1, uniq_sigmund,
          uniq_blork_the_orc

Skill      XL: |  1  2  3  4  5  6  7 |
---------------+----------------------+-----
Fighting       | 3 |  3.9
Dodging        | 3 4 |  4.3
Unarmed Combat | 4 5 6 |  6.9
Staves         | 1 |  1.1
Stealth        | |  0.5

Action                   |  1- 3 |  4- 6 |  7- 9 || total
-------------------------+-------+-------+-------++-------
Melee: Unarmed           |    48 |    65 |    35 ||   148
       Punch             |     1 |     1 |     2 ||     4
       Quarterstaff      |       |       |    34 ||    34
       Giant spiked club |       |       |     5 ||     5
Armor: Animal skin       |    19 |    25 |    15 ||    59
Dodge: Dodged            |    22 |    46 |    22 ||    90
